 Dungeon Crawl Stone Soup version 0.30-a0-1082-g70414cbcbb (webtiles) character file.

Game seed: 15473116612883566423

301 ryw the Cudgeller (level 6, -9/47 HPs)
             Began as a Mummy Fighter on Apr 16, 2023.
             Killed from afar by an acid dragon (17 damage)
             ... with a splash of acid
             ... in the Ecumenical Temple.
             The game lasted 00:07:05 (3484 turns).

ryw the Cudgeller (Mummy Fighter)                   Turns: 3484, Time: 00:07:05

Health: -9/47      AC:  7    Str: 22    XL:     6   Next: 14%
Magic:  6/6        EV:  9    Int:  7    God:
Gold:   198        SH:  4    Dex: 11    Spells: 5/5 levels left

rFire   x . .      SeeInvis .    e - +1 whip (elec)
rCold   + . .      Faith    +    c - +0 buckler
rNeg    + + +      Spirit   .    k - +3 scale mail {rPois}
rPois   ∞          Reflect  .    (no helmet)
rElec   .          Rampage  .    j - +0 cloak
rCorr   .                        (no gloves)
Will    .....                    g - +0 pair of boots Stlth
                                 (no amulet)
HPRegen 0.27/turn                (no ring)
MPRegen 0.10/turn                (no ring)

@: corroded
A: cold resistance 1, negative energy resistance 3, torment resistance 2, heat
vulnerability 1, in touch with death 1, no potions, faith
a: no special abilities


You were in the Ecumenical Temple.
You visited 2 branches of the dungeon, and saw 5 of its levels.

You collected 198 gold pieces.

Inventory:

Hand Weapons
 a - a +0 flail
 e - a +1 whip of electrocution (weapon)
Missiles
 b - 2 silver boomerangs (quivered)
Armour
 c - a +0 buckler (worn)
 g - a +0 pair of boots (worn)
 j - a +0 cloak (worn)
 k - a +3 scale mail of poison resistance (worn)
Wands
 f - a wand of charming (12)
Scrolls
 d - 2 scrolls of identify
 h - 4 scrolls of teleportation


   Skills:
 - Level 3.0 Fighting
 + Level 5.1 Maces & Flails
 + Level 1.5 Throwing
 - Level 2.4 Armour
 - Level 2.4 Shields


You had 5 spell levels left.
You didn't know any spells.
Your spell library contained the following spells:

 Spells                   Type           Power      Damage    Failure   Level
 Gell's Gravitas          Tloc           0%         N/A       99%         3
 Teleport Other           Tloc           0%         N/A       99%         3
 Dispersal                Tloc           0%         N/A       100%        6


Dungeon Overview and Level Annotations

Branches:
Dungeon (6/15)             Temple (1/1) D:6

Altars:
Ashenzari
Cheibriados
Dithmenos
Fedhas
Gozag
Kikubaaqudgha
Makhleb
Nemelex Xobeh
Ru
Sif Muna
Trog
Uskayaw
Vehumet
Wu Jian
Xom
Yredelemnul

Shops:
D:1 *   D:2 [

Annotations:
D:2 1 runed translucent door, Crazy Yiuf, Robin


Innate Abilities, Weirdness & Mutations

You are immune to poison.
Your flesh is cold resistant. (rC+)
You are immune to negative energy. (rN+++)
You are immune to unholy pain and torment.
You are vulnerable to heat. (rF-)
You are in touch with the powers of death.
You do not drink.
You have a special connection with the divine. (Faith)


Message History

The acid dragon roars!
A hound comes into view.
A shadow imp comes into view.
The acid dragon spits acid at you. The splash of acid hits you!!
The acid corrodes you!
The shadow imp grins evilly.
The howler monkey closely misses you. The acid dragon misses you.
The acid dragon claws you.
You climb downwards.
Welcome back to the Ecumenical Temple!
There is a staircase back to the Dungeon here.
You completely miss the howler monkey.
The howler monkey hoots and howls with incredible vigour!
The acid dragon spits acid at you. The splash of acid hits you!!
* * * LOW HITPOINT WARNING * * *
You can't drink.
Really read the scroll of immolation? [Y]es or [N]o only, please.
Really read the scroll of immolation? [Y]es or [N]o only, please.
Really read the scroll of immolation?
As you read the scroll of immolation, it crumbles to dust.
The creatures around you are filled with an inner flame!
The howler monkey hits you.
* * * LOW HITPOINT WARNING * * *
The acid dragon closely misses you. The acid dragon barely misses you.
You hit the acid dragon but do no damage.
The howler monkey barely misses you. The acid dragon barely misses you.
The acid dragon claws you but does no damage.
You hit the acid dragon but do no damage.
The howler monkey hits you but does no damage.
You hit the acid dragon but do no damage.
Lightning courses through the acid dragon!
Flame seeps out of the acid dragon.
The acid dragon is moderately wounded.
The howler monkey barely misses you.
The acid dragon is engulfed in blazing flames.
Flame seeps out of the acid dragon.
The acid dragon spits acid at you. The splash of acid hits you!
You die...

##### ###.D.###
##_#.@.#_##
##..#h..#..##
###...#...#...###
##_....#...#.....##
#......#...#_.....#
#......#...#......#
#.._...#...#.._...#
#.....©#©.©#©.....#
#_.....#8.8#....._#


You could see an acid dragon (inner flame, catching breath) and a howler monkey
(inner flame).

Vanquished Creatures
  A black bear (D:6)
  A jelly (D:3)
  Jessica (D:3)
  Terence (D:2)
  Ijyb (D:3)
  2 adders
  3 gnolls
  2 worms (D:2)
  A dart slug (D:2)
  An orc (D:3)
  6 ball pythons
  3 endoplasms
  A giant cockroach (D:2)
  8 goblins
  3 hobgoblins (D:1)
  3 kobolds
  6 quokkas
  4 bats
  2 frilled lizards
  4 rats
54 creatures vanquished.

Vanquished Creatures (others)
  3 fungi (D:2)
  A withered plant (D:3)
4 creatures vanquished.

Grand Total: 58 creatures vanquished

Notes
Turn   | Place    | Note
-------+----------+-------------------------------------------
     0 | D:1      | ryw the Mummy Fighter began the quest for the Orb.
     0 | D:1      | Reached XP level 1. HP: 18/18 MP: 1/1
    17 | D:1      | Found Zerchuf's General Store.
   173 | D:1      | Reached skill level 2 in Maces & Flails
   371 | D:1      | Reached XP level 2. HP: 24/24 MP: 2/2
  1204 | D:2      | Found Wogiticu's Antique Armour Shop.
  1306 | D:2      | Gained mutation: You are in touch with the powers of death.
                  | [Mummy growth]
  1306 | D:2      | Reached XP level 3. HP: 29/29 MP: 3/3
  1341 | D:2      | Noticed Terence
  1350 | D:2      | Killed Terence
  1351 | D:2      | Reached skill level 3 in Maces & Flails
  1582 | D:2      | Found an opulent altar of Gozag.
  1592 | D:2      | Noticed Robin
  1666 | D:2      | Found a runed translucent door.
  1667 | D:2      | Noticed Crazy Yiuf
  1674 | D:2      | Reached XP level 4. HP: 35/35 MP: 4/4
  2352 | D:3      | Found a shimmering altar of Xom.
  2376 | D:3      | Reached skill level 4 in Maces & Flails
  2510 | D:3      | Noticed Ijyb
  2799 | D:3      | Reached XP level 5. HP: 28/41 MP: 5/5
  2858 | D:3      | Noticed Jessica
  3177 | D:3      | Killed Ijyb
  3251 | D:3      | Killed Jessica
  3286 | D:3      | Found a faded altar of an unknown god.
  3288 | D:3      | You fall into a shaft and drop 3 floors!
  3329 | D:6      | Found a staircase to the Ecumenical Temple.
  3330 | D:6      | Noticed a black bear
  3337 | D:6      | Killed a black bear
  3338 | D:6      | Reached skill level 5 in Maces & Flails
  3338 | D:6      | Reached skill level 1 in Throwing
  3338 | D:6      | Reached XP level 6. HP: 34/47 MP: 6/6
  3417 | Temple   | Entered the Ecumenical Temple
  3417 | Temple   | Found a transporter.
  3417 | Temple   | Found a transporter.
  3419 | Temple   | Found a transporter.
  3419 | Temple   | Found a transporter.
  3470 | D:6      | Noticed an acid dragon
  3484 | Temple   | Killed from afar by an acid dragon

Illustrated notes

Levels and vault maps discovered:
D:1:      wander_arrival_chamber, layout_basic, serial_shops,
          nicolae_shop_waterfront, minmay_3d_cube
D:2:      layout_basic, serial_shops, nicolae_shop_just_a_little_nook,
          basic_altar, kennysheep_big_empty_room, uniq_robin,
          uniq_crazy_yiuf_cottage, uniq_terence
D:3:      layout_loops_ring, mainiacjoe_overflow_24_doors,
          ebering_ecumenical_altar_petrified, uniq_ijyb, uniq_jessica
D:6:      layout_basic, temple_pool_b, dreamdust_princess_bridge
Temple:   hellmonk_temple_divided_pantheon

Skill      XL: |  1  2  3  4  5 |
---------------+----------------+-----
Maces & Flails | 2 3 4 5 |  5.1
Throwing       | 1 |  1.5
Fighting       | |  3.0
Armour         | |  2.4
Shields        | |  2.4

Action                     |  1- 3 |  4- 6 || total
---------------------------+-------+-------++-------
  Melee: Whip              |    76 |   104 ||   180
         Flail             |     2 |       ||     2
  Throw: Boomerang         |       |    11 ||    11
    Use: Scroll            |       |     4 ||     4
 Armour: Scale mail        |    37 |    45 ||    82
  Dodge: Dodged            |    38 |    57 ||    95
  Block: Buckler           |    16 |    22 ||    38

Table legend: (Time is in decaauts)
 A = Elapsed time spent in this place.
 B = Non-inter-level travel time spent in this place.
 C = Inter-level travel time spent in this place.
 D = Time resting spent in this place.
 E = Time spent auto-exploring this place.
 F = Levels seen in this place.
 G = Mean time per level.
                   A        B        C        D        E       F      G
               +--------+--------+--------+--------+--------+-----+--------+
         Total |   3492 |   3212 |    280 |    229 |   2228 |   5 |  698.4 |
       Dungeon |   3436 |   3165 |    271 |    229 |   2228 |   4 |  859.0 |
        Temple |     55 |     46 |      9 |      0 |      0 |   1 |   55.0 |
               +--------+--------+--------+--------+--------+-----+--------+

Top non-repeatable levels by time:
     D:2: 1593 daAuts
     D:1: 963 daAuts
     D:3: 738 daAuts
     D:6: 142 daAuts
  Temple: 55 daAuts
